 Dungeon Crawl Stone Soup version 0.28-a0-850-g09de17f5b5 (webtiles) character file.

Game seed: 12898366204217994065

101 Astera the Skirmisher (level 5, -1/42 HPs)
             Began as a Formicid Abyssal Knight on Nov 14, 2021.
             Was a Believer of Lugonu.
             Hit by a goblin thrown by Robin (2 damage)
             ... on level 3 of the Dungeon.
             The game lasted 00:05:16 (2972 turns).

Astera the Skirmisher (Formicid Abyssal Knight)     Turns: 2972, Time: 00:05:16

Health: -1/42      AC:  3    Str: 18    XL:     5   Next: 4%
Magic:  4/6        EV: 11    Int:  9    God:    Lugonu [**....]
Gold:   35         SH:  0    Dex: 12    Spells: 4/4 levels left

rFire   . . .      SeeInvis +   a - +1 hand axe
rCold   . . .      Faith    .   (no shield)
rNeg    . . .      Spirit   .   b - +0 leather armour
rPois   .          Reflect  .   (helmet unavailable)
rElec   .          Harm     .   (no cloak)
rCorr   .          Rampage  .   (no gloves)
Will    .....                   (no boots)
Stlth   +.........              (no amulet)
HPRegen 0.14/turn               (no ring)
MPRegen 0.10/turn               (no ring)

@: no status effects
A: permanent stasis, dig shafts and tunnels, antennae 3, four strong arms
a: Dig, Shaft Self, Renounce Religion, Depart the Abyss, Bend Space


You were on level 3 of the Dungeon.
You worshipped Lugonu.
Lugonu was pleased with you.
You visited 1 branch of the dungeon, and saw 3 of its levels.
You visited the Abyss 1 time.

You collected 35 gold pieces.

Inventory:

Hand Weapons
 a - a +1 hand axe (weapon)
Armour
 b - a +0 leather armour (worn)
Scrolls
 c - 2 scrolls of fog {unknown}
 f - a scroll of immolation {unknown}
 g - a scroll of identify {unknown}
 i - a scroll of teleportation {unknown}
Potions
 d - 2 potions of cancellation {unknown}
 e - a potion of heal wounds {unknown}
 h - a potion of invisibility {unknown}


   Skills:
 + Level 4.1 Fighting
 + Level 2.7 Axes
 + Level 3.3 Armour
 + Level 1.5 Dodging
 + Level 0.4 Stealth
 + Level 2.6 Invocations


You had 4 spell levels left.
You didn't know any spells.
Your spell library was empty.

Dungeon Overview and Level Annotations

Branches:
Dungeon (3/15)

Altars:

Shops:
D:2 ?

Annotations:
D:3 Robin


Innate Abilities, Weirdness & Mutations

You cannot be hasted, slowed, berserked, paralysed or teleported.
You can dig through walls and to a lower floor.
You have a pair of large antennae on your head. (SInv)
Your four strong arms can wield two-handed weapons with a shield.


Message History

The hobgoblin hits you.
The goblin moves out of view.
You are too injured to fight recklessly!
You are too injured to fight recklessly!
You are too injured to fight recklessly!
You are too injured to fight recklessly!
You are too injured to fight recklessly!
You are too injured to fight recklessly!
Unknown command.
You are too injured to fight recklessly!
Space bends around you!
You blink.
You see here 2 scrolls labelled EBY HYBUGRUIRU.
Robin throws the goblin at you! The goblin hits you with a +0 dagger.
* * * LOW HITPOINT WARNING * * *
You slash the goblin!
You kill the goblin!
Lugonu accepts your kill.
You hit the hobgoblin. Robin throws the goblin at you!
* * * LOW HITPOINT WARNING * * *
The goblin unwields a +0 hunting sling.
The goblin wields a +0 club.
The goblin hits you but does no damage. Robin throws the goblin at you!
* * * LOW HITPOINT WARNING * * *
You barely miss the goblin.
The goblin is almost dead.
You hit the hobgoblin but do no damage. You hit the hobgoblin.
You kill the hobgoblin!
Lugonu accepts your kill.
You hit the hobgoblin. You hit the goblin but do no damage.
The hobgoblin hits you.
* * * LOW HITPOINT WARNING * * *
The hobgoblin closely misses you. The goblin barely misses you.
The goblin hits you with a +0 club.
* * * LOW HITPOINT WARNING * * *
Space bends around you!
You blink.
A giant cockroach comes into view.
The goblin no longer looks unusually strong.
Robin throws the goblin at you!
You barely miss the goblin. You hit the hobgoblin.
You hit the hobgoblin but do no damage. The goblin closely misses you.
The hobgoblin barely misses you. Robin throws the goblin at you!
You die...

..##..#.#.# #.##..#.#.#
#############.##)...B.# #
#...........#.##....######.##.
#............).?..............
..).)...#....#.(.g.g..........
#..####.#.#.###gg......)..###
#.<# #..<.## ##gg...=###.#
#..# ###.#.###g@#..### # #..#
#.#..#.gg...#
...######.#.#.#..#..#
.........#.<###..#..#
.########.### #..#..# # #...
...#... ##### #.##.... #. #.#


You could see Robin, a giant cockroach, 3 hobgoblins and 5 goblins.

Vanquished Creatures
  5 adders (D:2)
  2 dart slugs
  5 ball pythons
  5 bats
  6 endoplasms
  8 goblins
  3 hobgoblins
  2 quokkas (D:2)
  3 frilled lizards
  4 kobolds
  5 rats
48 creatures vanquished.

Notes
Turn   | Place    | Note
-------+----------+-------------------------------------------
     0 | Abyss:1  | Astera the Formicid Abyssal Knight began the quest for the
                  | Orb.
     0 | Abyss:1  | Reached XP level 1. HP: 18/18 MP: 2/2
    40 | Abyss:1  | Noticed a small abomination
    48 | D:1      | Escaped the Abyss
   318 | D:1      | Reached XP level 2. HP: 17/25 MP: 3/3
   697 | D:1      | Reached * piety under Lugonu
   926 | D:1      | Reached XP level 3. HP: 30/30 MP: 4/4
   966 | D:2      | Reached skill level 1 in Dodging
  1479 | D:2      | Found a faded altar of an unknown god.
  1623 | D:2      | Reached skill level 4 in Fighting
  1623 | D:2      | Reached XP level 4. HP: 30/37 MP: 5/5
  2249 | D:2      | Found Ivoa's Magic Scroll Boutique.
  2559 | D:3      | Noticed Robin
  2657 | D:3      | Reached ** piety under Lugonu
  2672 | D:3      | Reached XP level 5. HP: 37/42 MP: 6/6
  2681 | D:3      | Noticed a black bear
  2972 | D:3      | Hit by a goblin thrown by Robin

Illustrated notes

Levels and vault maps discovered:
D:1:      wander_arrival_lonely_grave, layout_basic
D:2:      layout_basic, serial_rivers, chequers_serial_rivers_large_a,
          chequers_serial_rivers_micro_a, chequers_serial_rivers_room_a,
          chequers_serial_rivers_micro_c, chequers_serial_rivers_micro_d,
          chequers_serial_rivers_small_b, serial_shops,
          nicolae_shop_temple_entry_statues_fountains,
          shapermc_ecumenical_altar_pompeii, kennysheep_generic_room_11
D:3:      layout_loops_ring, uniq_robin

Skill      XL: |  1  2  3 |
---------------+----------+-----
Dodging        | 1 |  1.5
Armour         | 3 |  3.3
Fighting       | 4 |  4.1
Axes           | |  2.7
Stealth        | |  0.4
Invocations    | |  2.6

Action                   |  1- 3 |  4- 6 || total
-------------------------+-------+-------++-------
Melee: Hand axe          |    75 |    67 ||   142
Invok: Depart the Abyss  |     1 |       ||     1
       Bend Space        |       |     4 ||     4
 Stab: Sleeping          |     1 |       ||     1
Armor: Leather armour    |    24 |    19 ||    43
Dodge: Dodged            |    39 |    46 ||    85

Table legend: (Time is in decaauts)
 A = Elapsed time spent in this place.
 B = Non-inter-level travel time spent in this place.
 C = Inter-level travel time spent in this place.
 D = Time resting spent in this place.
 E = Time spent auto-exploring this place.
 F = Levels seen in this place.
 G = Mean time per level.
                   A        B        C        D        E       F      G
               +--------+--------+--------+--------+--------+-----+--------+
         Total |   3012 |   2858 |    154 |    197 |   2141 |   4 |  753.0 |
       Dungeon |   2964 |   2810 |    154 |    197 |   2141 |   3 |  988.0 |
         Abyss |     48 |     48 |      0 |      0 |      0 |   1 |   48.0 |
               +--------+--------+--------+--------+--------+-----+--------+

Top non-repeatable levels by time:
     D:2: 1742 daAuts
     D:1: 1113 daAuts
     D:3: 108 daAuts
 Abyss:1: 48 daAuts
